 Dungeon Crawl Stone Soup version 0.22-a0-443-g17c3723 (webtiles) character file.

677 Gorglomux the Chopper (level 7, -28/41 HPs)
             Began as a Gargoyle Fighter on June 1, 2018.
             Annihilated by Ijustatesigmund's ghost (29 damage)
             ... on level 4 of the Dungeon.
             The game lasted 00:01:13 (2853 turns).

Gorglomux the Chopper (Gargoyle Fighter)            Turns: 2853, Time: 00:01:14

Health: -28/41     AC: 11    Str: 22    XL:     7   Next: 60%
Magic:  7/7        EV:  7    Int:  8    God:
Gold:   178        SH:  9    Dex:  9    Spells: 6/6 levels left

rFire    . . .     SeeInvis .   a - +0 war axe
rCold    . . .     Gourm    .   c - +0 shield
rNeg     + . .     Faith    .   b - +0 scale mail
rPois    ∞         Spirit   .   (no helmet)
rElec    +         Reflect  .   (no cloak)
rCorr    .         Harm     .   (no gloves)
MR       .....                  (no boots)
Stlth    ..........             (no amulet)
HPRegen  0.13/turn              (no ring)
MPRegen  0.10/turn              (no ring)

@: no status effects
A: negative energy resistance 1, electricity resistance, unbreathing,
petrification resistance, rot immunity, AC +4
a: no special abilities


You were on level 4 of the Dungeon.
You were not hungry.

You visited 1 branch of the dungeon, and saw 4 of its levels.
You also visited: Sewer.

You collected 178 gold pieces.

Inventory:

Hand Weapons
 a - a +0 war axe (weapon)
Missiles
 Z - a throwing net (quivered)
Armour
 b - a +0 scale mail (worn)
 c - a +0 shield (worn)
Jewellery
 s - a cursed amulet of inaccuracy {unknown}
Scrolls
 h - 3 scrolls of remove curse {unknown}
 k - 4 scrolls of identify {unknown}
 u - a scroll of blinking {unknown}
 v - 2 scrolls of immolation {unknown}
 y - 2 scrolls of enchant armour {unknown}
 z - a scroll of teleportation {unknown}
Potions
 d - a potion of might
 g - 2 potions of agility {unknown}
 j - 6 potions of heal wounds {unknown}
 p - a potion of ambrosia {unknown}
 r - 8 potions of curing {unknown}
 t - a potion of resistance {unknown}
 x - 2 potions of brilliance {unknown}
Comestibles
 f - 4 rations
 A - a chunk of flesh


   Skills:
 - Level 3.2 Fighting
 + Level 7.6 Axes
 - Level 3.2 Armour
 - Level 3.2 Shields


You had 6 spell levels left.
You didn't know any spells.
Your spell library contained the following spells:

 Spells                   Type           Power        Failure   Level  Hunger
 Summon Small Mammal      Summ           #...         99%         1    ##.....
 Summon Ice Beast         Ice/Summ       #.......     100%        4    #####..
 Call Imp                 Summ           #.......     100%        2    ###....
 Call Canine Familiar     Summ           #.......     100%        3    ####...
 Summon Lightning Spire   Summ/Air       #.......     100%        4    #####..
 Summon Guardian Golem    Hex/Summ       #.......     100%        3    ####...


Dungeon Overview and Level Annotations

Branches:
Dungeon (4/15)             Temple (0/1) D:4

Altars:
Dithmenos
Elyvilon

Annotations:
D:4 Ijustatesigmund's ghost, novice OgGl


Innate Abilities, Weirdness & Mutations

You are resistant to torment.
Your stone body is resilient. (AC +4)
You are immune to poison.
You resist negative energy. (rN+)
You are resistant to electric shocks. (rElec)
You can survive without breathing.
You are immune to petrification.
You are immune to rotting.


Message History

Ijustatesigmund's ghost is nearby!!!
You are too injured to fight recklessly!!!
You are too injured to fight recklessly!!!
You are too injured to fight recklessly!!!
You are too injured to fight recklessly!!!
Unknown command!
You are too injured to fight recklessly!!!
Unknown command!
You slice Ijustatesigmund's ghost but do no damage!
Ijustatesigmund's ghost hits you!!! * * * don't die
* * * Ijustatesigmund's ghost hits you!!! * * * don't die
* * * You are too injured to fight recklessly!!!
Unknown command!
Butt open Ijustatesigmund's ghost like a butt!
Ijustatesigmund's ghost is lightly damaged!
Ijustatesigmund's ghost hits you!!!!!!
DANG rip

#. ### ... ..# #
##.###.#
#.##...##.######.
##................ .
..<..##.....#.# #.
#..##....#.#. #..
#....@W.#.#.#
#>.##.###....#.>.
#...........#.#.#
##...........#.#.
####.#####...#.#
##########.# ......
###..........###########
.....#####...(...#
###..#####...###.#


You could see Ijustatesigmund's ghost.

Vanquished Creatures
  The ghost of Barriton the Stinger, an amateur DrVM of Vehumet (D:3)
  3 big kobolds (Sewer)
  A bullfrog (D:4)
  An orc priest (D:3)
  3 gnolls (D:4)
  8 adders
  5 river rats
  An ooze (Sewer)
  A worm (D:2)
  A dart slug (D:2)
  4 leopard geckos
  9 orcs (D:3)
  2 bats (D:3)
  2 giant cockroaches
  5 goblins (D:2)
  5 jackals
  17 kobolds
  A quokka (D:2)
  4 ball pythons
  2 frilled lizards
  A jackal skeleton (D:4)
  24 rats
101 creatures vanquished.

Notes
Turn   | Place    | Note
-------+----------+-------------------------------------------
     0 | D:1      | Gorglomux the Gargoyle Fighter began the quest for the Orb.
     0 | D:1      | Reached XP level 1. HP: 14/14 MP: 1/1
   186 | D:1      | Reached skill level 2 in Axes
   203 | D:1      | Reached XP level 2. HP: 13/19 MP: 2/2
   713 | D:2      | Reached skill level 3 in Axes
   713 | D:2      | Reached XP level 3. HP: 11/23 MP: 3/3
  1258 | D:2      | Found a shadowy altar of Dithmenos.
  1433 | D:3      | Reached XP level 4. HP: 26/28 MP: 4/4
  1440 | D:3      | Reached skill level 4 in Axes
  1539 | D:3      | Noticed Barriton's ghost (amateur DrVM)
  1565 | D:3      | Killed Barriton's ghost
  1565 | D:3      | Reached skill level 5 in Axes
  1565 | D:3      | Reached XP level 5. HP: 14/32 MP: 5/5
  1565 | D:3      | Reached XP level 6. HP: 16/37 MP: 6/6
  1971 | D:4      | Found a white marble altar of Elyvilon.
  2001 | D:4      | Found a glowing drain.
  2026 | Sewer    | Entered a sewer
  2116 | Sewer    | Reached skill level 6 in Axes
  2263 | Sewer    | Reached XP level 7. HP: 41/41 MP: 7/7
  2371 | Sewer    | Reached skill level 7 in Axes
  2581 | D:4      | Found a shadowy altar of Dithmenos.
  2848 | D:4      | Noticed Ijustatesigmund's ghost (novice OgGl)
  2850 | D:4      | Found a staircase to the Ecumenical Temple.
  2852 | D:4      | HP: 1/41 [Ijustatesigmund's ghost (8)]
  2853 | D:4      | Annihilated by Ijustatesigmund's ghost

Vault maps used:
D:1:      ebering_hopf_link, amethyst_killhole
D:2:      serial_glass, glass_columns_a, glass_columns_a,
          nicolae_dithmenos_through_a_glass_darkly
D:3:      makhleb_blood_cavern_becter
D:4:      elyvilon_altar_4, lemuel_round_altar, minmay_temple_entry_grid,
          portal_sewer_entry_a, first_ration, hangedman_decor_riveting,
          minmay_cut_off
Sewer:    sewer_minmay_treatment

Skill      XL: |  1  2  3  4  5  6  7 |
---------------+----------------------+-----
Axes           | 2 3 5 6 7 |  7.6
Fighting       | |  3.2
Armour         | |  3.2
Shields        | |  3.2

Action                   |  1- 3 |  4- 6 |  7- 9 || total
-------------------------+-------+-------+-------++-------
Melee: War axe           |   151 |   135 |    61 ||   347
  Eat: Chunk             |     2 |     3 |     2 ||     7
Armor: Scale mail        |    91 |    69 |    44 ||   204
Dodge: Dodged            |    50 |    46 |    18 ||   114
Block: Shield            |    82 |    67 |    21 ||   170

Table legend:
 A = Spawn XP
 B = Non-spawn XP
 C = Spawn XP percentage of total XP
 D = Spawn monster count
 E = Non-spawn monster count
 F = Spawn count percentage of total count
 G = Total turns spent on level
                    A         B        C        D         E        F      G
               +---------+---------+-------+---------+---------+-------+---------
         Total |       0 |     968 |   0.0 |       0 |     101 |   0.0 |  2853
               +---------+---------+-------+---------+---------+-------+---------
           D:1 |       0 |      14 |   0.0 |       0 |       8 |   0.0 |   560
           D:2 |       0 |      56 |   0.0 |       0 |      14 |   0.0 |   802
           D:3 |       0 |     271 |   0.0 |       0 |      20 |   0.0 |   587
           D:4 |       0 |     169 |   0.0 |       0 |      11 |   0.0 |   384
         Sewer |       0 |     458 |   0.0 |       0 |      48 |   0.0 |   520
               +---------+---------+-------+---------+---------+-------+---------
